 Dungeon Crawl Stone Soup version 0.20.1-1-g8b1a95d66d (webtiles) character file.

11503 Jannitor the Nimble (level 11, -8/68 HPs)
             Began as a Deep Elf Chaos Knight on Dec 13, 2017.
             Mangled by a yak (18 damage)
             ... on level 1 of the Lair of Beasts.
             The game lasted 00:24:43 (11843 turns).

Jannitor the Nimble (Deep Elf Chaos Knight)        Turns: 11843, Time: 00:24:43

Health: -8/68      AC: 10    Str: 10 (12) XL:     11   Next: 50%
Magic:  0/21       EV: 21    Int: 21 (22) God:    Xom [....*.]
Gold:   535        SH:  0    Dex: 18 (21) Spells: 14/19 levels left

rFire    . . .     SeeInvis +   m - +4 quarterstaff (chaos)
rCold    + . .     Gourm    .   (shield currently unavailable)
rNeg     . . .     Faith    .   O - +2 robe {MR+}
rPois    .         Spirit   +   Q - +1 hat {MR+}
rElec    .         Reflect  .   o - +0 cloak
rCorr    .         Harm     .   w - +0 pair of gloves
MR       +++..                  f - +0 pair of boots
Stlth    ++........             x - amulet of guardian spirit
Regen    0.3/turn               t - ring of see invisible
MPRegen  0.2/turn               P - +3 ring of dexterity

@: about to teleport, very slightly contaminated
A: horns 1, yellow scales 1, agile 1, blink, blurry vision 1, clever 2, cold
resistance 1, high mp 1, sense surroundings 1, strong 1, MP-powered wands
a: Blink, Renounce Religion


You were on level 1 of the Lair of Beasts.
You worshipped Xom.
You were a beloved toy of Xom.
You were not hungry.

You visited 2 branches of the dungeon, and saw 10 of its levels.
You also visited: Volcano.

You collected 535 gold pieces.

Inventory:

Hand Weapons
 m - a +4 quarterstaff of chaos (weapon)
 G - a +4 quick blade
Missiles
 n - 3 javelins (quivered)
Armour
 f - a +0 pair of boots (worn)
 o - a +0 cloak (worn)
 w - a +0 pair of gloves (worn)
 A - a +3 leather armour
 O - a +2 robe of magic resistance (worn)
 Q - a +1 hat of magic resistance (worn)
Jewellery
 a - an uncursed ring of flight
 t - a ring of see invisible (left hand)
 x - an amulet of guardian spirit (around neck)
 K - an uncursed amulet of magic regeneration {unknown}
 P - a +3 ring of dexterity (right hand)
Wands
 b - a wand of disintegration (10/24)
 z - a wand of digging (13/24)
 C - a wand of random effects (18/48)
 F - a wand of random effects (16/48)
 H - a wand of acid (0/15)
 I - a wand of iceblast (4/15)
 R - a wand of paralysis (8/24)
 U - a wand of lightning (5/15)
Scrolls
 g - 10 scrolls of identify
 h - a scroll of recharging
 i - 6 scrolls of teleportation
 l - 4 scrolls of remove curse
 M - a scroll of fog
Potions
 q - 3 potions of curing
 s - 4 potions of flight
 v - a potion of brilliance
 E - 2 potions of might
Books
 y - a book of Cantrips

   Spells                             Type                      Level
   a - Confusing Touch                Hexes                        1
   b - Animate Skeleton               Necromancy                   1
   c - Summon Small Mammal            Summoning                    1
   d - Apportation                    Translocation                1
 D - a book of Enchantments

   Spells                             Type                      Level
   a - Cause Fear                     Hexes                        4
   b - Yara's Violent Unravelling     Hexes/Transmutation          5
   c - Silence                        Hexes/Air                    5
   d - Deflect Missiles               Charms/Air                   6
   e - Discord                        Hexes                        8
 J - a book of Callings

   Spells                             Type                      Level
   a - Summon Small Mammal            Summoning                    1
   b - Call Imp                       Summoning                    2
   c - Call Canine Familiar           Summoning                    3
   d - Summon Guardian Golem          Hexes/Summoning              3
   e - Summon Lightning Spire         Summoning/Air                4
   f - Summon Ice Beast               Ice/Summoning                4
 N - a book of Clouds

   Spells                             Type                      Level
   a - Poisonous Vapours              Poison/Air                   2
   b - Mephitic Cloud                 Conjuration/Poison/Air       3
   c - Conjure Flame                  Conjuration/Fire             3
   d - Freezing Cloud                 Conjuration/Ice/Air          6
   e - Ring of Flames                 Charms/Fire                  7
Comestibles
 c - 5 bread rations
 d - 7 chunks of flesh
 j - 6 fruits
 k - a meat ration
 u - 15 royal jellies


   Skills:
 + Level 7.7 Fighting
 - Level 4.0 Short Blades
 * Level 9.3 Staves
 - Level 0.7 Armour
 + Level 10.8 Dodging
 + Level 4.6 Spellcasting
 + Level 5.9 Summonings
 - Level 7.3 Necromancy
 + Level 2.6 Air Magic


You had 14 spell levels left.
You knew the following spells:

 Your Spells              Type           Power        Failure   Level  Hunger
a - Animate Skeleton      Necr           N/A          1%          1    None
b - Summon Lightning Spi  Summ/Air       ###.....     19%         4    ####...


Dungeon Overview and Level Annotations

Branches:
Dungeon (9/15)             Temple (0/1) D:6            Lair (1/6) D:9
    Orc: D:9-12

Altars:
Cheibriados
Dithmenos
Fedhas
Gozag
Qazlal
Ru
Sif Muna
Xom
Yredelemnul
The Shining One


Innate Abilities, Weirdness & Mutations

You have a pair of small horns on your head.
You are partially covered in yellow scales. (AC +2)
You are agile. (Dex +2)
You can translocate small distances at will.
Scrolls take you a little longer to read.
Your mind is very acute. (Int +4)
Your flesh is cold resistant. (rC+)
You have an increased reservoir of magic. (+10% MP)
You passively map a small area around you.
Your muscles are strong. (Str +2)
You expend magic power (3 MP) to strengthen your wands.


Message History

Aim: a yak (translocational energy, severely wounded, berserk, fast, unusually strong)
You throw a javelin. The javelin hits the yak.
The yak is severely wounded.
Throwing (i - inventory):
n - 4 javelins (quivered)
Press: ? - help, Shift-Dir - straight line, f/p - yak
Aim: a yak (severely wounded, berserk, fast, unusually strong)
You throw a javelin. The javelin closely misses the yak.
The yak rages.
Evoke which item? (* to show all) (? for menu, Esc to quit)
Okay, then.
Unknown command.
Unknown command.
Really read with blurry vision while enemies are nearby?
You begin reading the scroll.
You continue reading the scroll.
The yak completely misses you.
As you read the scroll of teleportation, it crumbles to dust.
You feel strangely unstable. The yak barely misses you. The yak gores you!!
You die...

....##..........#
.....#.#.......##
....##......#..#
....##.....##..#
......#......#.##
.....###...#....##
##.P## #.........#
#..#####...#.....##
......##...#...Y@.#
.S...(.....#.....##
...........#.....#
.......###......##
##.PP####..#...##
*####* ##......## *
#.......#
##.......#
#........#


You could see a yak (berserk).

Vanquished Creatures
  Gastronok (D:9)
  A hydra (Lair:1)
  Psyche (D:8)
  A spiny frog (Lair:1)
  The ghost of Jannitor the Ducker, a novice DECK of Xom (D:3)
  2 komodo dragons
  8 yaks
  A basilisk (Lair:1)
  A hungry ghost (D:7)
  A fire bat (Volcano)
  3 water moccasins
  A porcupine (Lair:1)
  6 sky beasts
  An eye of draining (D:8)
  6 ogres
  A phantom (D:9)
  A wolf (Lair:1)
  3 centaurs
  2 crocodiles
  A big kobold (D:7)
  8 bullfrogs
  2 scorpions
  4 killer bees (D:8)
  3 howler monkeys
  5 lava snakes (Volcano)
  A crimson imp (D:6)
  A centaur zombie (D:8)
  2 jellies
  2 orc priests
  7 hounds
  Crazy Yiuf (D:2)
  A bullfrog skeleton (D:3)
  2 iguanas
  8 orc wizards
  8 worker ants
  2 worker ant zombies
  Robin (D:3)
  13 adders
  3 gnolls (D:6)
  6 shadow imps
  4 oozes
  An adder skeleton (D:8)
  An adder zombie (D:9)
  4 worms
  A dart slug (D:2)
  4 leopard geckos
  16 orcs
  8 giant cockroaches
  13 goblins
  12 hobgoblins
  16 jackals
  7 quokkas
  13 bats
  2 frilled lizards
  9 kobolds
  5 rats
  A fungus (D:2)
240 creatures vanquished.

Vanquished Creatures (collateral kills)
  A fire crab (Lair:1)
  A spiny frog (Lair:1)
  8 yaks
  An acid dragon (Lair:1)
  2 porcupines (Lair:1)
  An ogre (D:7)
  A wolf (Lair:1)
  A bullfrog (Lair:1)
  An orc priest (D:6)
  A gnoll (D:6)
  An adder (D:7)
  6 orcs
  2 jackals (D:7)
27 creatures vanquished.

Vanquished Creatures (others)
  A two-headed ogre (D:7)
  An orc warrior (D:6)
  4 wolves (Lair:1)
  A crimson imp (D:8)
  A fungus (Lair:1)
  A plant (D:9)
9 creatures vanquished.

Grand Total: 276 creatures vanquished

Notes
Turn   | Place    | Note
-------+----------+-------------------------------------------
     0 | D:1      | Jannitor the Deep Elf Chaos Knight began the quest for the Orb.
     0 | D:1      | Reached XP level 1. HP: 13/13 MP: 3/3
    21 | D:1      | XOM: harmless Chrm miscast
    86 | D:1      | XOM: harmless Fire miscast
   155 | D:1      | Reached XP level 2. HP: 18/18 MP: 4/4
   237 | D:1      | Reached skill level 3 in Dodging
   271 | D:1      | Reached XP level 3. HP: 18/22 MP: 5/5
   915 | D:2      | XOM: enchant monster (bad)
   918 | D:2      | XOM: butterfly on damage
   931 | D:2      | XOM: cast spell 'Alistair's Intoxication'
  1166 | D:2      | XOM: harmless Erth miscast
  1245 | D:2      | XOM: divination: magic mapping
  1318 | D:2      | XOM: harmless Tmut miscast
  1396 | D:2      | Reached XP level 4. HP: 26/28 MP: 6/6
  1513 | D:2      | XOM: harmless Erth miscast
  1672 | D:2      | XOM: divination: detect creatures
  1934 | D:2      | XOM: harmless Summ miscast
  1988 | D:2      | Found a basalt altar of Yredelemnul.
  1995 | D:2      | Noticed a profane servitor
  2010 | D:2      | Found a glowing golden altar of the Shining One.
  2013 | D:2      | Noticed an angel
  2033 | D:2      | XOM: harmless Tmut miscast
  2147 | D:2      | XOM: harmless Conj miscast
  2238 | D:2      | Found a runed door.
  2243 | D:2      | Gained mutation: Your flesh is cold resistant. (rC+) [potion of mutation]
  2243 | D:2      | Gained mutation: Your spells are a little easier to cast, but a little less powerful. [potion of mutation]
  2243 | D:2      | Gained mutation: You have a pair of small horns on your head. [potion of mutation]
  2245 | D:2      | Noticed Crazy Yiuf
  2247 | D:2      | Killed Crazy Yiuf
  2247 | D:2      | Reached skill level 1 in Staves
  2247 | D:2      | Reached skill level 4 in Dodging
  2247 | D:2      | Reached XP level 5. HP: 32/32 MP: 7/7
  2347 | D:3      | XOM: harmless Air miscast
  2429 | D:3      | Noticed Jannitor's ghost (novice DECK)
  2475 | D:3      | XOM: potion effect (invisibility)
  2482 | D:3      | XOM: potion effect (agility)
  2484 | D:3      | XOM: smoke on damage
  2514 | D:2      | XOM: harmless Necr miscast
  2620 | D:3      | Noticed Robin
  3200 | D:3      | Killed Jannitor's ghost
  3200 | D:3      | Reached skill level 5 in Dodging
  3200 | D:3      | Reached XP level 6. HP: 26/38 MP: 8/8
  3418 | D:2      | XOM: cloud trail
  3544 | D:3      | Killed Robin
  3657 | D:3      | XOM: divination: detect items
  3697 | D:3      | Reached XP level 7. HP: 25/43 MP: 9/9
  3789 | D:3      | XOM: cloud trail
  3901 | D:3      | XOM: cloud trail
  3964 | D:3      | XOM: scenery: create altars
  4162 | D:4      | Found an opulent altar of Gozag.
  5337 | D:5      | Entered Level 5 of the Dungeon
  5612 | D:5      | Reached skill level 6 in Dodging
  5730 | D:5      | XOM: god gift: scorched hat {god gift}
  5731 | D:5      | Got a scorched hat {god gift}
  5737 | D:5      | Identified the +0 hat of the Swan {Dex+3} (Xom gifted it to you on level 5 of the Dungeon)
  5813 | D:5      | Found a snail-covered altar of Cheibriados.
  6044 | D:5      | XOM: give mutations
  6044 | D:5      | Gained mutation: You passively map a small area around you. [Xom's grace]
  6044 | D:5      | Gained mutation: You are partially covered in yellow scales. (AC +2) [Xom's grace]
  6205 | D:5      | XOM: god gift: 13 royal jellies
  6220 | D:5      | XOM is BORED!
  6220 | D:5      | XOM: enchant monster (bad)
  6251 | D:5      | Reached skill level 5 in Fighting
  6681 | D:5      | Found a shimmering altar of Xom.
  6727 | D:5      | XOM: fog
  6730 | D:5      | XOM: cast spell 'Summon Hydra'
  6741 | D:5      | Reached XP level 8. HP: 42/49 MP: 7/10
  6744 | D:5      | Gained mutation: You have an increased reservoir of magic. (+10% MP) [mutagenic meat]
  6747 | D:5      | Gained mutation: Your muscles are strong. (Str +2) [mutagenic meat]
  6748 | D:5      | Gained mutation: You are partially covered in iridescent scales. (AC +2) [mutagenic meat]
  6871 | D:5      | Found a shadowy altar of Dithmenos.
  6943 | D:6      | XOM: 5-stop teleportation journey
  6967 | D:6      | XOM: divine lightning
  6979 | D:6      | Reached skill level 7 in Dodging
  7004 | D:6      | Learned a level 1 spell: Animate Skeleton
  7117 | D:6      | XOM: scenery: 1 doors open
  7129 | D:6      | Reached skill level 1 in Necromancy
  7163 | D:6      | Reached skill level 5 in Staves
  7279 | D:6      | Found a staircase to the Ecumenical Temple.
  7327 | D:6      | Gained mutation: You expend magic power (3 MP) to strengthen your wands. [mutagenic meat]
  7328 | D:6      | Gained mutation: Scrolls take you a little longer to read. [mutagenic meat]
  7330 | D:6      | Lost mutation: Your muscles are strong. (Str +2) [mutagenic meat]
  7331 | D:6      | Lost mutation: You have a pair of small horns on your head. [mutagenic meat]
  7552 | D:6      | XOM: god gift: 20 gold pieces
  7747 | D:7      | XOM: god gift: glowing quick blade {god gift}
  7768 | D:7      | Reached skill level 8 in Dodging
  7795 | D:7      | Reached XP level 9. HP: 52/55 MP: 11/11
  8174 | D:7      | Found a blossoming altar of Fedhas.
  8174 | D:7      | Found a stormy altar of Qazlal.
  8194 | D:7      | XOM: summons friendly iron imp
  8226 | D:7      | Learned a level 4 spell: Summon Lightning Spire
  8282 | D:7      | Found a sacrificial altar of Ru.
  8437 | D:7      | Noticed a two-headed ogre
  8437 | D:7      | XOM: potion effect (agility)
  8448 | D:7      | Killed a two-headed ogre
  8448 | D:7      | Reached skill level 1 in Summonings
  8448 | D:7      | XOM: divine lightning
  8486 | D:7      | XOM: god gift: scroll labeled ARPHAF KEODEG {god gift}
  8743 | D:7      | Reached skill level 5 in Necromancy
  8918 | D:8      | Reached skill level 9 in Dodging
  8965 | D:8      | Found a deep blue altar of Sif Muna.
  9090 | D:8      | XOM: cast spell 'Cause Fear'
  9319 | D:8      | XOM: medium Fire miscast
  9371 | D:8      | XOM: mild Ice miscast
  9555 | D:8      | Noticed Psyche
  9560 | D:8      | XOM: give mutations
  9560 | D:8      | Gained mutation: You can translocate small distances at will. [Xom's grace]
  9560 | D:8      | Gained mutation: You passively map the area around you. [Xom's grace]
  9569 | D:8      | XOM: cloud trail
  9594 | D:8      | XOM: summons 4 friendly demons
  9610 | D:8      | Gained mutation: Your muscles are strong. (Str +2) [mutagenic meat]
  9611 | D:8      | Gained mutation: Your system is resistant to poisons. (rPois) [mutagenic meat]
  9718 | D:8      | Killed Psyche
  9718 | D:8      | Reached XP level 10. HP: 59/61 MP: 9/13
  9811 | D:8      | XOM: summons 2 friendly demons
  9813 | D:8      | XOM: potion effect (invisibility)
  9814 | D:8      | XOM: scenery: create altars
  9980 | D:9      | Found a staircase to the Lair.
 10052 | D:9      | Noticed Gastronok
 10070 | D:9      | Killed Gastronok
 10070 | D:9      | Reached skill level 10 in Dodging
 10111 | D:9      | XOM: give mutations
 10111 | D:9      | Gained mutation: Your mind is acute. (Int +2) [Xom's grace]
 10111 | D:9      | Gained mutation: You are surrounded by a mild repulsion field. (EV +2) [Xom's grace]
 10111 | D:9      | Gained mutation: You have a pair of small horns on your head. [Xom's grace]
 10111 | D:9      | Gained mutation: You are agile. (Dex +2) [Xom's grace]
 10141 | D:9      | XOM: 2-stop teleportation journey
 10313 | D:9      | Reached skill level 5 in Summonings
 10389 | D:9      | XOM: harmless Erth miscast
 10655 | D:9      | Lost mutation: You are partially covered in iridescent scales. (AC +2) [mutagenic meat]
 10656 | D:9      | Lost mutation: You are surrounded by a mild repulsion field. (EV +2) [mutagenic meat]
 10657 | D:9      | Lost mutation: Your spells are a little easier to cast, but a little less powerful. [mutagenic meat]
 10658 | D:9      | Lost mutation: Your system is resistant to poisons. (rPois) [mutagenic meat]
 10659 | D:9      | Lost mutation: You passively map the area around you. [mutagenic meat]
 10660 | D:9      | Gained mutation: Your mind is very acute. (Int +4) [mutagenic meat]
 10893 | Lair:1   | Entered Level 1 of the Lair of Beasts
 10964 | Lair:1   | Noticed a spiny frog
 10972 | Lair:1   | Killed a spiny frog
 10972 | Lair:1   | Reached XP level 11. HP: 53/67 MP: 12/19
 10981 | Lair:1   | XOM: divine lightning
 11024 | Lair:1   | Noticed a six-headed hydra
 11054 | Lair:1   | Reached skill level 1 in Air Magic
 11125 | Lair:1   | XOM: confuse monster(s)
 11141 | Lair:1   | XOM: destruction
 11156 | Lair:1   | Found a dark tunnel.
 11161 | Lair:1   | XOM: potion effect (haste)
 11164 | Volcano  | Entered a volcano
 11531 | Lair:1   | Killed a six-headed hydra
 11584 | Lair:1   | Noticed a fire crab
 11584 | Lair:1   | a yak changed into a fire crab
 11584 | Lair:1   | Killed a fire crab
 11698 | Lair:1   | XOM: summons 11 friendly demons
 11810 | Lair:1   | XOM: 4-stop teleportation journey
 11834 | Lair:1   | HP: 3/68 [yak (10)]
 11843 | Lair:1   | Mangled by a yak

Skill      XL: |  1  2  3  4  5  6  7  8  9 10 11 |
---------------+----------------------------------+-----
Dodging        | 3 4 5 6 8 9 10 | 10.8
Fighting       | 3 4 5 6 7 |  7.7
Short Blades   | 4 |  4.0
Staves         | 1 3 4 5 6 8 9 |  9.3
Necromancy     | 3 6 7 |  7.3
Summonings     | 3 5 |  5.9
Spellcasting   | 3 4 |  4.6
Air Magic      | 2 |  2.6
Armour         | |  0.7

Action                   |  1- 3 |  4- 6 |  7- 9 | 10-12 || total
-------------------------+-------+-------+-------+-------++-------
Melee: Short sword       |   135 |    71 |       |       ||   206
       Quarterstaff      |       |   119 |   346 |   229 ||   694
       Headbutt          |       |    12 |    25 |    44 ||    81
Throw: Javelin           |       |       |     3 |     5 ||     8
 Cast: Animate Skeleton  |       |       |    22 |    30 ||    52
       Summon Lightning  |       |       |       |     4 ||     4
Evoke: Wand              |       |       |     1 |     8 ||     9
  Use: Potion            |     2 |     3 |       |    13 ||    18
       Scroll            |     2 |       |    10 |     5 ||    17
 Stab: Paralysed         |     2 |       |     3 |     2 ||     7
       Petrifying        |     1 |       |       |     2 ||     3
       Sleeping          |       |     2 |     5 |       ||     7
       Petrified         |       |     2 |       |     6 ||     8
       Confused          |       |     1 |     1 |     1 ||     3
       Distracted        |       |     1 |       |     1 ||     2
       Invisible         |       |       |       |     5 ||     5
  Eat: Chunk             |     2 |     7 |    34 |    16 ||    59
       Bread ration      |       |       |     1 |       ||     1
Armor: Leather armour    |    48 |    55 |    78 |       ||   181
       Robe              |       |       |       |    28 ||    28
Dodge: Dodged            |    99 |   149 |   263 |   220 ||   731
